 Dungeon Crawl Stone Soup version 0.22.0-75-g3901e79 (webtiles) character file.

92561 marrkus the Warrior (level 16, -27/126 HPs)
             Began as a Halfling Hunter on Sept 11, 2018.
             Was a High Priest of Nemelex Xobeh.
             Annihilated by a titanic slime creature (100 damage)
             ... on level 14 of the Dungeon on Sept 12, 2018.
             The game lasted 04:17:36 (34494 turns).

marrkus the Warrior (Halfling Hunter)              Turns: 34494, Time: 04:17:43

Health: -27/126    AC: 14    Str: 18    XL:     16   Next: 54%
Magic:  22/22      EV: 23    Int:  9    God:    Nemelex Xobeh [*****.]
Gold:   3033       SH: 18    Dex: 30    Spells: 15/15 levels left

rFire    + . .     SeeInvis +   n - +6 fustibalus (velocity)
rCold    . . .     Gourm    .   w - +3 shield
rNeg     . . .     Faith    .   U - +1 ring mail of the Rose {Dex+4 SInv}
rPois    .         Spirit   .   i - +0 helmet of Life {*Corrode rElec Dex+7 Stlth+}
rElec    +         Reflect  .   G - +2 cloak
rCorr    .         Harm     .   S - +0 pair of gloves
MR       +....                  s - +0 pair of boots
Stlth    +++++.....             (no amulet)
HPRegen  0.31/turn              q - ring of stealth
MPRegen  0.18/turn              E - ring of protection from fire

@: no status effects
A: small, agile 1, mutation resistance 1
a: Triple Draw, Deal Four, Stack Five, Renounce Religion


You were on level 14 of the Dungeon.
You worshipped Nemelex Xobeh.
Nemelex Xobeh was extremely pleased with you.
You were not hungry.

You visited 3 branches of the dungeon, and saw 22 of its levels.
You also visited: Labyrinth and Bailey.

You collected 3145 gold pieces.
You spent 112 gold pieces at shops.

Inventory:

Hand Weapons
 c - a +2 dagger of draining
 n - a +6 fustibalus of velocity (weapon)
 K - a +0 blowgun
Missiles
 d - 28 sling bullets
 e - 61 stones (quivered)
 D - 11 curare-tipped needles
 J - 49 poisoned needles
 V - 4 throwing nets
Armour
 i - the +0 helmet of Life (worn) {*Corrode rElec Dex+7 Stlth+}
   (You found it on level 7 of the Dungeon)

   It affects your dexterity (+7).
   It insulates you from electricity.
   It may corrode you when you take damage.
   It makes you more stealthy.
 s - a +0 pair of boots (worn)
 w - a +3 shield (worn)
 G - a +2 cloak (worn)
 S - a +0 pair of gloves (worn)
 U - the +1 ring mail of the Rose (worn) {Dex+4 SInv}
   (You found it on level 6 of the Dungeon)

   It affects your dexterity (+4).
   It lets you see invisible.
Jewellery
 q - a ring of stealth (left hand)
 E - a ring of protection from fire (right hand)
Wands
 p - a wand of acid (12)
 z - a wand of digging (41)
 I - a wand of disintegration (21)
 Q - a wand of iceblast (31)
 T - a wand of random effects (16)
 X - a wand of flame (19)
Scrolls
 a - a scroll of identify
 h - 13 scrolls of remove curse
 u - 4 scrolls of magic mapping
 B - 5 scrolls of teleportation
 F - a scroll of fear
 N - 4 scrolls of fog
Potions
 b - 2 potions of agility
 l - 10 potions of curing
 m - 7 potions of haste
 o - 3 potions of cancellation
 r - 2 potions of might
 v - 2 potions of invisibility
 x - 2 potions of resistance
 W - 4 potions of flight
Miscellaneous
 g - an ornate deck of destruction
 k - a plain deck of summoning {drawn: 5}
 t - a plain deck of summoning
 y - an ornate deck of destruction
 C - an ornate deck of destruction
 H - an ornate deck of destruction
 L - a plain deck of summoning
 M - an ornate deck of destruction
 O - a phantom mirror
 R - an ornate deck of summoning
 Y - an ornate deck of escape
 Z - an ornate deck of escape
Comestibles
 f - 43 rations
 P - 2 chunks of flesh


   Skills:
 + Level 16.9 Fighting
 - Level 16.1 Slings
 - Level 6.6 Armour
 - Level 10.0 Dodging
 - Level 4.1 Stealth
 + Level 11.7 Shields
 - Level 8.9 Invocations


You had 15 spell levels left.
You didn't know any spells.
Your spell library contained the following spells:

 Spells                   Type           Power        Failure   Level  Hunger
 Animate Skeleton         Necr           N/A          85%         1    ##.....
 Beastly Appendage        Tmut           #.....       85%         1    ##.....
 Magic Dart               Conj           #...         85%         1    ##.....
 Pain                     Necr           #...         85%         1    ##.....
 Sandblast                Erth           #.....       85%         1    ##.....
 Blink                    Tloc           N/A          94%         2    ###....
 Call Imp                 Summ           #.......     94%         2    ###....
 Ensorcelled Hibernation  Hex/Ice        #.....       94%         2    ###....
 Slow                     Hex            #.......     94%         2    ###....
 Sticks to Snakes         Tmut           #.......     94%         2    ###....
 Confuse                  Hex            #.......     99%         3    ####...
 Conjure Flame            Conj/Fire      #.......     99%         3    ####...
 Inner Flame              Hex/Fire       #.......     99%         3    ####...
 Mephitic Cloud           Conj/Pois/Air  #.......     99%         3    ####...
 Regeneration             Chrm/Necr      #.........   99%         3    ####...
 Spectral Weapon          Hex/Chrm       #.......     99%         3    ####...
 Spider Form              Tmut/Pois      #.........   99%         3    ####...
 Static Discharge         Conj/Air       #.......     99%         3    ####...
 Stone Arrow              Conj/Erth      #.....       99%         3    ####...
 Vampiric Draining        Necr           #.........   99%         3    ####...
 Animate Dead             Necr           N/A          100%        4    #####..
 Ice Form                 Ice/Tmut       #.......     100%        4    #####..
 Blade Hands              Tmut           #.........   100%        5    ######.
 Bolt of Magma            Conj/Fire/Erth #.........   100%        5    ######.
 Irradiate                Conj/Tmut      #.........   100%        5    ######.
 Lightning Bolt           Conj/Air       #.........   100%        5    ######.
 Silence                  Hex/Air        #.........   100%        5    ######.
 Summon Mana Viper        Hex/Summ       #.......     100%        5    ######.
 Yara's Violent Unravell  Hex/Tmut       #.........   100%        5    ######.
 Hydra Form               Tmut           #.........   100%        6    #######
 Statue Form              Tmut/Erth      #........    100%        6    #######
 Dragon Form              Tmut           #.........   100%        7    #######
 Ignition                 Fire           #.........   100%        8    #######
 Shatter                  Erth           #.........   100%        9    #######
 Tornado                  Air            #.........   100%        9    #######


Dungeon Overview and Level Annotations

Branches:
Dungeon (14/15)            Temple (0/1) D:6            Lair (6/6) D:10
  Swamp (0/4) Lair:4        Snake (0/4) Lair:4        Slime (0/5) Lair:6
    Orc (2/2) D:12            Elf (0/3) Orc:2
 Vaults: D:13-14

Altars:
Cheibriados
Fedhas
Gozag
Hepliaklqana
Kikubaaqudgha
Nemelex Xobeh
Sif Muna
Trog
Yredelemnul
Beogh

Shops:
D:5 *:[:   D:10 }   Orc:2 [}([(

Annotations:
D:5 exclusion: downstairs
D:6 exclusion: downstairs
D:9 exclusion: downstairs
D:10 3 runed doors, Verendum's ghost, journeyman DrFE
D:11 2 runed doors, yogakurto's ghost, journeyman GrMo
Lair:2 1 runed door, exclusion: oklob plant, Isownabb's ghost, journeyman NaTm
Lair:4 exclusions: downstairs and 2 oklob plants
Lair:5 Rupert
Lair:6 exclusion: oklob plant


Innate Abilities, Weirdness & Mutations

You are small and have problems with some larger weapons.
You are somewhat resistant to further mutation.
You are agile. (Dex +2)


Message History

Aim: a titanic slime creature (severely wounded, hasn't noticed you)
You shoot a stone.
The stone hits the titanic slime creature!
The titanic slime creature is severely wounded.
Firing (i - inventory. (/) - cycle)
e - 63 stones (quivered)
Press: ? - help, Shift-Dir - straight line, f/p - titanic slime creature
Aim: a titanic slime creature (severely wounded)
You shoot a stone.
The stone hits the titanic slime creature!!
The titanic slime creature is severely wounded.
Firing (i - inventory. (/) - cycle)
e - 62 stones (quivered)
Press: ? - help, Shift-Dir - straight line, f/p - titanic slime creature
Aim: a titanic slime creature (severely wounded)
You shoot a stone.
The stone hits the titanic slime creature!
The titanic slime creature is almost dead.
The titanic slime creature hits you!!!!
Ouch! That really hurt!
You die...
Your body glows with a rainbow of weird colours and disappears.

....... #.# #........ .....J( #.#
#........
...(..(#####.##########........
....((.p((.C(..................
.##')'########(................
#... #(#######......... #.. #p#
#......... #. #J# #......... #
#@# #......... #.# ########## ...
#.# ######## ...# #.# ##.......
...# #.# #........ ...# #.#
#..##.#.# ...# #.## ##..###.##
...# #..# ####....#....
...#############..###......#.....


You could see a titanic slime creature and a human.

Vanquished Creatures
  Rupert (Lair:5)
  An ettin (Orc:1)
  2 ogre magi (Orc:2)
  A rakshasa (D:13)
  A catoblepas (D:13)
  5 centaur warriors
  7 hydras
  11 two-headed ogres
  A tengu warrior (D:14)
  7 death yaks
  Nergalle (Lair:3)
  An iron troll (Orc:2)
  A fire crab (Lair:5)
  3 unseen horrors
  A deep troll (Orc:2)
  A wizard (D:14)
  An orc knight (Orc:2)
  A deep elf mage (D:13)
  2 oklob plants (Lair:6)
  2 ugly things
  3 orc sorcerers (Orc:1)
  6 cyclopes
  6 elephants
  A manticore (D:14)
  5 black mambas
  Maurice (D:13)
  Psyche (D:9)
  2 torpor snails (Lair:5)
  3 gargoyles
  4 spiny frogs
  A centaur skeleton (D:14)
  A redback zombie (D:13)
  A kobold demonologist (D:13)
  4 rime drakes
  A komodo dragon (shapeshifter) (D:14)
  A freezing wraith (D:14)
  7 komodo dragons
  2 efreet (D:13)
  2 tengu conjurers (D:14)
  15 trolls
  A queen bee (D:10)
  7 polar bears
  5 hornets
  9 dream sheep
  7 blink frogs
  2 bog bodies (Lair:4)
  5 slime creatures
  7 hippogriffs
  2 vampires (D:13)
  A shadow (D:13)
  2 wraiths
  A tarantella (shapeshifter) (D:13)
  12 spriggans
  A wyvern (D:10)
  34 yaks
  5 hungry ghosts
  2 basilisks
  A warg (Orc:2)
  4 acid dragons
  2 swamp worms (Lair:4)
  Edmund (D:6)
  2 nagas (Lair:4)
  12 water moccasins
  4 porcupines
  15 orc warriors
  A sky beast (D:8)
  4 eyes of draining
  5 ice beasts
  2 black bears (Lair:6)
  An eye of draining (shapeshifter) (D:11)
  6 phantoms
  35 wolves
  3 boggarts (Lair:6)
  11 centaurs
  28 ogres
  9 crocodiles
  4 big kobolds
  18 bullfrogs
  8 gnoll sergeants (Bailey)
  Blork the orc (D:13)
  5 scorpions
  33 killer bees
  4 wights
  5 electric eels
  5 howler monkeys
  5 jellies
  7 crimson imps
  12 hounds
  A quasit (D:9)
  3 bullfrog skeletons
  10 orc priests
  9 gnoll shamans
  17 orc wizards
  6 iguanas
  5 hell rats
  13 worker ants
  3 hound skeletons
  4 worker ant zombies
  A howler monkey zombie (D:7)
  29 gnolls
  2 howler monkey skeletons (D:9)
  12 adders
  3 shadow imps
  22 oozes
  An adder zombie (D:8)
  3 adder skeletons
  3 worms
  5 dart slugs
  5 leopard geckos
  86 orcs
  2 ball pythons
  11 bats
  6 giant cockroaches
  15 goblins
  20 hobgoblins
  5 jackals
  7 quokkas
  3 frilled lizards
  2 gnoll zombies (D:5)
  31 kobolds
  9 rats
  4 plants
832 creatures vanquished.

Vanquished Creatures (collateral kills)
  Gastronok (Lair:2)
  Harold (D:7)
  A hydra (Lair:6)
  3 death yaks
  A cyclops (D:14)
  An elephant (Lair:6)
  A spiny frog (Lair:6)
  A komodo dragon (Lair:6)
  A blink frog (D:7)
  4 dream sheep (Lair:4)
  A yak (Lair:6)
  A spriggan (Lair:5)
  A hungry ghost (D:7)
  A water moccasin (Lair:6)
  Purgy (D:4)
  An ogre (D:8)
  A wolf (Lair:6)
  2 electric eels (Lair:6)
  An orc wizard (D:7)
  2 orcs (D:7)
27 creatures vanquished.

Vanquished Creatures (others)
  A minotaur (Lab)
  2 hell rats (Lair:3)
  A ball lightning (Lair:6)
  8 fungi
  6 plants
18 creatures vanquished.

Grand Total: 877 creatures vanquished

Notes
Turn   | Place    | Note
-------+----------+-------------------------------------------
     0 | D:1      | marrkus the Halfling Hunter began the quest for the Orb.
     0 | D:1      | Reached XP level 1. HP: 14/14 MP: 1/1
   104 | D:1      | Reached XP level 2. HP: 9/19 MP: 2/2
   596 | D:1      | Reached XP level 3. HP: 19/24 MP: 3/3
   959 | D:2      | Reached XP level 4. HP: 20/29 MP: 4/4
  1680 | D:3      | Reached XP level 5. HP: 34/35 MP: 5/5
  1933 | D:3      | Reached XP level 6. HP: 41/41 MP: 6/6
  2189 | D:3      | You fall through a shaft for 2 floors!
  2189 | D:5      | Entered Level 5 of the Dungeon
  2189 | D:5      | Found Hoxub's Assorted Antiques.
  2202 | D:5      | Bought a runed hunting sling for 112 gold pieces
  2226 | D:5      | Found a sparkling altar of Nemelex Xobeh.
  2251 | D:5      | Found a blossoming altar of Fedhas.
  2265 | D:5      | Became a worshipper of Nemelex Xobeh the Trickster
  2271 | D:5      | Noticed an ogre
  2281 | D:4      | Received a gift from Nemelex Xobeh
  2342 | D:4      | Found an ancient bone altar of Kikubaaqudgha.
  2938 | D:4      | Noticed Purgy
  2946 | D:4      | Killed Purgy
  2946 | D:4      | Reached XP level 7. HP: 46/46 MP: 7/7
  3125 | D:4      | Reached * piety under Nemelex Xobeh
  3158 | D:4      | Received a gift from Nemelex Xobeh
  3739 | D:5      | Found Kixkip's Armour Shop.
  3828 | D:5      | Reached skill level 10 in Slings
  3844 | D:5      | Reached skill level 1 in Invocations
  3844 | D:5      | Reached XP level 8. HP: 54/54 MP: 9/9
  3919 | D:5      | Found Mus Kuith's Book Shop.
  4053 | D:5      | Got a dazzling scale mail
  4218 | D:5      | Identified the +5 scale mail of Mezcal {rF+ Int+2} (You
                  | found it on level 5 of the Dungeon)
  4555 | D:5      | Found Miunulex's Book Shoppe.
  4587 | D:5      | Found a basalt altar of Yredelemnul.
  4689 | D:5      | Found a snail-covered altar of Cheibriados.
  4906 | D:6      | Noticed Edmund
  4966 | D:6      | Reached skill level 5 in Fighting
  4973 | D:6      | Reached ** piety under Nemelex Xobeh
  5028 | D:6      | Killed Edmund
  5214 | D:6      | Received a gift from Nemelex Xobeh
  5335 | D:6      | Reached skill level 1 in Shields
  5436 | D:6      | Found a staircase to the Ecumenical Temple.
  5450 | D:6      | Got an ancient ring mail
  5534 | D:6      | Reached XP level 9. HP: 62/62 MP: 12/12
  5990 | D:6      | Identified the cursed +1 ring mail of the Rose {Dex+4 SInv}
                  | (You found it on level 6 of the Dungeon)
  6199 | D:7      | Noticed Joseph
  6840 | D:7      | Noticed Harold
  6856 | D:7      | Killed Harold
  6882 | D:7      | Noticed Joseph
  6882 | D:7      | Joseph changed into Joseph the blink frog
  6888 | D:7      | Killed Joseph the blink frog
  7187 | D:7      | Reached XP level 10. HP: 59/71 MP: 13/13
  7383 | D:7      | Reached *** piety under Nemelex Xobeh
  7386 | D:7      | Got a twisted helmet
  7392 | D:7      | Identified the cursed +0 helmet of Life {*Corrode rElec
                  | Dex+7 Stlth+} (You found it on level 7 of the Dungeon)
  7521 | D:8      | Reached skill level 5 in Shields
  7869 | D:8      | Reached skill level 1 in Armour
  8915 | D:9      | Found a flagged portal.
  8941 | D:9      | Noticed Psyche
  8956 | D:9      | Killed Psyche
  9044 | Bailey   | Entered a bailey
  9054 | Bailey   | Reached skill level 5 in Armour
 10268 | D:9      | Found a bloodstained altar of Trog.
 10284 | D:9      | Reached XP level 11. HP: 80/80 MP: 14/14
 10336 | D:9      | Received a gift from Nemelex Xobeh
 10579 | D:9      | Gained mutation: You are agile. (Dex +2) [potion of
                  | mutation]
 10649 | D:10     | Entered Level 10 of the Dungeon
 10649 | D:10     | Reached **** piety under Nemelex Xobeh
 10658 | D:10     | Found Puwn's Gadget Boutique.
 10739 | D:10     | Noticed a death yak
 10745 | D:10     | Noticed a death yak
 11001 | D:9      | Reached skill level 10 in Fighting
 11066 | D:10     | Reached skill level 5 in Dodging
 11139 | D:10     | Found a staircase to the Lair.
 11186 | D:10     | Noticed a death yak
 11189 | D:10     | Noticed a death yak
 11441 | D:10     | Noticed an unseen horror
 11455 | D:10     | Killed an unseen horror
 11536 | D:10     | Paralysed by a centaur for 7 turns
 11553 | D:10     | Paralysed by a centaur for 2 turns
 11707 | Lair:1   | Entered Level 1 of the Lair of Beasts
 11707 | Lair:1   | Noticed a four-headed hydra
 12073 | D:10     | Received a gift from Nemelex Xobeh
 12104 | D:10     | Reached skill level 5 in Invocations
 12730 | D:10     | Found a runed gate.
 12732 | D:10     | Found an opulent altar of Gozag.
 12733 | D:10     | Noticed a centaur warrior
 12733 | D:10     | Noticed a deep troll earth mage
 12734 | D:10     | Found a runed gate.
 12734 | D:10     | Found a runed gate.
 12734 | D:10     | Noticed Verendum's ghost (journeyman DrFE)
 12960 | Lair:1   | Killed a four-headed hydra
 13106 | Lair:1   | Received a gift from Nemelex Xobeh
 13205 | Lair:1   | Received a gift from Nemelex Xobeh
 13365 | Lair:1   | Reached XP level 12. HP: 89/89 MP: 16/16
 13965 | Lair:2   | Noticed a four-headed hydra
 13992 | Lair:1   | Killed a four-headed hydra
 14342 | Lair:2   | Reached ***** piety under Nemelex Xobeh
 14356 | Lair:2   | Received a gift from Nemelex Xobeh
 15109 | Lair:2   | Noticed a five-headed hydra
 15119 | Lair:2   | Killed a five-headed hydra
 15276 | Lair:2   | Received a gift from Nemelex Xobeh
 15278 | Lair:2   | Noticed Gastronok
 15324 | Lair:2   | Killed Gastronok
 15760 | Lair:2   | Found a runed door.
 15767 | Lair:2   | Noticed Isownabb's ghost (journeyman NaTm)
 16216 | Lair:3   | Found a labyrinth entrance.
 16224 | Lab      | Entered a labyrinth
 16501 | Lab      | Noticed a minotaur
 16523 | Lab      | Killed a minotaur
 16523 | Lab      | Reached skill level 10 in Dodging
 16529 | Lab      | Received a gift from Nemelex Xobeh
 16545 | Lab      | Identified Sif Muna's Tome of Malediction
 16584 | Lab      | Got an encrusted dagger
 16987 | Lair:3   | Got a spiked leather armour
 16998 | Lair:3   | Identified the +0 leather armour of Jigsaw {rPois rC- Str-5
                  | Int+8} (You found it on level 3 of the Lair of Beasts)
 17252 | Lair:3   | Reached XP level 13. HP: 97/97 MP: 17/17
 17274 | Lair:3   | Got an amethyst-encrusted leather armour
 17285 | Lair:3   | Identified the cursed +0 leather armour of Jasmir {rElec
                  | MR+ Stlth+} (You found it on level 3 of the Lair of Beasts)
 17319 | Lair:3   | Received a gift from Nemelex Xobeh
 17344 | Lair:3   | Noticed Nergalle
 17376 | Lair:3   | Killed Nergalle
 17847 | Lair:4   | Received a gift from Nemelex Xobeh
 18000 | Lair:4   | Noticed a seven-headed hydra
 18003 | Lair:4   | Found a staircase to the Snake Pit.
 18034 | Lair:4   | Killed a seven-headed hydra
 18131 | Lair:4   | Found a hazy altar of Hepliaklqana.
 18495 | Lair:4   | Received a gift from Nemelex Xobeh
 18599 | Lair:4   | Found a staircase to the Swamp.
 18649 | Lair:4   | Reached ****** piety under Nemelex Xobeh
 19641 | Lair:5   | Received a gift from Nemelex Xobeh
 20313 | Lair:5   | Noticed Rupert
 20878 | Lair:5   | Received a gift from Nemelex Xobeh
 21128 | Lair:5   | Received a gift from Nemelex Xobeh
 21164 | Lair:5   | Killed Rupert
 21611 | Lair:6   | Entered Level 6 of the Lair of Beasts
 21630 | Lair:5   | Reached XP level 14. HP: 94/108 MP: 12/19
 22128 | Lair:6   | Received a gift from Nemelex Xobeh
 22367 | Lair:5   | You fall through a shaft!
 24866 | Lair:6   | Reached skill level 15 in Slings
 25604 | Lair:6   | Received a gift from Nemelex Xobeh
 25955 | Lair:6   | HP: 4/108 [acid (14)]
 26345 | Lair:6   | Found a staircase to the Slime Pits.
 26836 | Lair:1   | Reached skill level 15 in Fighting
 27364 | D:10     | Reached XP level 15. HP: 105/116 MP: 21/21
 27494 | D:11     | Found a runed door.
 27497 | D:11     | Found a runed door.
 27498 | D:11     | Received a gift from Nemelex Xobeh
 27500 | D:11     | Noticed a frost giant
 27502 | D:11     | Noticed a lich
 27503 | D:11     | Noticed yogakurto's ghost (journeyman GrMo)
 27706 | D:11     | Received a gift from Nemelex Xobeh
 27769 | D:11     | Identified the Almanac of the Entrancing Mountains
 28123 | D:11     | Received a gift from Nemelex Xobeh
 28712 | D:12     | Found a staircase to the Orcish Mines.
 28753 | D:12     | Found a roughly hewn altar of Beogh.
 28809 | D:12     | Received a gift from Nemelex Xobeh
 29189 | D:12     | Received a gift from Nemelex Xobeh
 29234 | D:12     | Identified a scroll of acquirement
 29681 | Orc:1    | Entered Level 1 of the Orcish Mines
 29936 | Orc:2    | Entered Level 2 of the Orcish Mines
 29936 | Orc:2    | Found a staircase to the Elven Halls.
 30295 | Orc:2    | Found Mosk's Weapon Shoppe.
 30486 | Orc:2    | Found a bloodstained altar of Trog.
 31013 | Orc:1    | Found a roughly hewn altar of Beogh.
 31064 | Orc:1    | You fall through a shaft!
 32047 | Orc:2    | Found Jemiwuuh's Antique Armour Emporium.
 32082 | Orc:2    | Found Zozuybb's Gadget Emporium.
 32086 | Orc:2    | Found Cylif's Weapon Boutique.
 32095 | Orc:2    | Found Nafatwedghun's Armour Shoppe.
 32367 | D:13     | Received a gift from Nemelex Xobeh
 32428 | D:13     | Noticed Maurice
 32435 | D:13     | Killed Maurice
 32796 | D:13     | Got a spiked helmet
 32807 | D:13     | Identified the +1 helmet of the Sturgeon {rCorr Str-3 Int+3
                  | SInv} (You found it on level 13 of the Dungeon)
 32826 | D:13     | Reached skill level 10 in Shields
 32893 | D:13     | Reached XP level 16. HP: 113/124 MP: 22/22
 33370 | D:13     | Noticed Blork the orc
 33374 | D:13     | Killed Blork the orc
 33380 | D:13     | Found a deep blue altar of Sif Muna.
 33976 | D:14     | Got an encrusted falchion
 33977 | D:14     | Identified the +8 falchion of the Demagogue {slice, Int+6}
                  | (You found it on level 14 of the Dungeon)
 34000 | D:14     | Found a sparkling altar of Nemelex Xobeh.
 34002 | D:14     | Received a gift from Nemelex Xobeh
 34389 | D:14     | Received a gift from Nemelex Xobeh
 34494 | D:14     | Annihilated by a titanic slime creature

Skill      XL: |  1  2  3  4  5  6  7  8  9 10 11 12 13 14 15 16 |
---------------+-------------------------------------------------+-----
Slings         | 6 7 8 9 10 11 12 14 16 | 16.1
Fighting       | 2 3 4 5 7 9 10 12 14 15 16 | 16.9
Stealth        | 2 3 4 |  4.1
Invocations    | 1 4 5 6 7 8 |  8.9
Shields        | 1 4 5 10 11 | 11.7
Armour         | 6 |  6.6
Dodging        | 7 10 | 10.0

Action                   |  1- 3 |  4- 6 |  7- 9 | 10-12 | 13-15 | 16-18 || total
-------------------------+-------+-------+-------+-------+-------+-------++-------
Melee: Short sword       |    53 |       |       |   182 |       |       ||   235
       Dagger            |       |       |       |    74 |     3 |       ||    77
 Fire: Hunting sling     |    53 |   237 |   644 |  1528 |   164 |       ||  2626
       Blowgun           |       |       |       |    80 |     3 |       ||    83
       Fustibalus        |       |       |       |     4 |  1735 |   361 ||  2100
Throw: Throwing net      |       |       |       |     4 |     2 |       ||     6
Invok: Deal Four         |       |       |       |       |     3 |       ||     3
       Triple Draw       |       |       |       |       |     1 |       ||     1
Evoke: Deck              |       |     3 |     4 |    18 |    51 |     1 ||    77
       Lightning rod     |       |       |       |       |     8 |       ||     8
       Wand              |       |       |       |       |    15 |       ||    15
       Fan of gales      |       |       |       |       |     1 |       ||     1
       Phantom mirror    |       |       |       |       |     1 |       ||     1
  Use: Scroll            |       |     9 |     1 |    23 |    18 |     1 ||    52
       Potion            |       |       |     2 |     3 |     4 |       ||     9
 Stab: Sleeping          |     1 |       |       |     7 |       |       ||     8
       Distracted        |       |       |       |       |     1 |       ||     1
  Eat: Chunk             |       |     5 |    13 |    18 |    37 |     5 ||    78
       Ration            |       |       |       |     5 |     3 |       ||     8
Armor: Leather armour    |    15 |     6 |       |       |       |       ||    21
       Troll leather arm |       |       |    14 |       |       |       ||    14
       Scale mail        |       |       |    35 |       |       |       ||    35
       Skin              |       |       |    26 |       |     7 |       ||    33
       Ring mail         |       |       |    20 |   111 |   103 |     8 ||   242
Dodge: Dodged            |    62 |    27 |    78 |   422 |   606 |    26 ||  1221
Block: Shield            |       |    17 |   135 |   556 |   736 |    53 ||  1497
